PAAA
SALT LAKE CITY BUZZ @ PHOENIX HOTSPUR RESERVES
08/01/2018
 
TOP OF THE 1ST
Salt Lake City Buzz batting - Pitching for Phoenix Hotspur Reserves : LHP Carlos Sánchez
Pitching: LHP Carlos Sánchez
Batting: LHB Chris Stoltzfus 0-0: Ground out 1-3 (Groundball, 15S)
Batting: LHB George Huffman 0-0: Foul Ball, location: 2F
0-1: Ball
1-1: Foul Ball, location: 2F
1-2: Foul Ball, location: 2F
1-2: Foul Ball, location: 2F
1-2: Foul Ball, location: 2F
1-2: Ground out 5-3 (Groundball, 56S)
Batting: RHB Jack Alexander 0-0: Called Strike
0-1: Fly out, F4 (Popup, 4MD)
Top of the 1st over - 0 run(s), 0 hit(s), 0 error(s), 0 left on base; Salt Lake City 0 - Phoenix 0
BOTTOM OF THE 1ST
Phoenix Hotspur Reserves batting - Pitching for Salt Lake City Buzz : LHP Júlio Hernández
Pitching: LHP Júlio Hernández
Batting: RHB António Ramos 0-0: SINGLE (Groundball, 6MD)
Batting: RHB Paul Campbell 0-0: Called Strike
0-1: Ball
1-1: Foul Ball, location: 2F
1-2: Ball
2-2: Grounds into double play, 6-4-3 (Groundball, 6)
Batting: LHB Jorge Tamayo 0-0: Foul Ball, location: 2F
0-1: Called Strike
0-2: SINGLE (Line Drive, 34)
Batting: LHB Tim Hargrove 0-0: Ball
1-0: Fly out, F5 (Popup, 56S)
Bottom of the 1st over - 0 run(s), 2 hit(s), 0 error(s), 1 left on base; Salt Lake City 0 - Phoenix 0
TOP OF THE 2ND
Salt Lake City Buzz batting - Pitching for Phoenix Hotspur Reserves : LHP Carlos Sánchez
Batting: RHB Steffen Taylor 0-0: Swinging Strike
0-1: Swinging Strike
0-2: Fly out, F9 (Flyball, 9M)
Batting: RHB Roger Osborne 0-0: Foul Ball, location: 2F
0-1: Ball
1-1: Ground out 4-3 (Groundball, 34)
Batting: RHB Jason Delaney 0-0: Swinging Strike
0-1: Ball
1-1: Swinging Strike
1-2: Ground out 5-3 (Groundball, 15S)
Top of the 2nd over - 0 run(s), 0 hit(s), 0 error(s), 0 left on base; Salt Lake City 0 - Phoenix 0
BOTTOM OF THE 2ND
Phoenix Hotspur Reserves batting - Pitching for Salt Lake City Buzz : LHP Júlio Hernández
Batting: RHB Chriss Mann 0-0: Called Strike
0-1: Ground out 6-3 (Groundball, 6)
Batting: RHB Reed Hanson 0-0: Swinging Strike
0-1: Called Strike
0-2: Strikes out swinging
Batting: RHB Greg Griffin 0-0: Ball
1-0: Called Strike
1-1: Foul Ball, location: 2F
1-2: Ball
2-2: Fly out, F7 (Flyball, 78S)
Bottom of the 2nd over - 0 run(s), 0 hit(s), 0 error(s), 0 left on base; Salt Lake City 0 - Phoenix 0
TOP OF THE 3RD
Salt Lake City Buzz batting - Pitching for Phoenix Hotspur Reserves : LHP Carlos Sánchez
Batting: LHB Frank Bass 0-0: Foul Ball, location: 2F
0-1: Foul Ball, location: 2F
0-2: Ball
1-2: Ball
2-2: Foul Ball, location: 2F
2-2: Fly out, F6 (Popup, 56D)
Batting: RHB John Ramsey 0-0: Ball
1-0: DOUBLE (Line Drive, 5D)
Batting: SHB Carlton Reed 0-0: Called Strike
0-1: Called Strike
0-2: Ball
1-2: Ball
2-2: Fly out, F7 (Flyball, 7M)
Batting: LHB Chris Stoltzfus 0-0: Called Strike
0-1: Ball
1-1: Swinging Strike
1-2: Foul Ball, location: 2F
1-2: Ground out U3 (Groundball, 3)
Top of the 3rd over - 0 run(s), 1 hit(s), 0 error(s), 1 left on base; Salt Lake City 0 - Phoenix 0
BOTTOM OF THE 3RD
Phoenix Hotspur Reserves batting - Pitching for Salt Lake City Buzz : LHP Júlio Hernández
Batting: RHB António Rodríguez 0-0: Called Strike
0-1: Ball
1-1: Swinging Strike
1-2: Ball
2-2: SINGLE (Line Drive, 7LM)
Batting: RHB Ray Schroeder 0-0: Called Strike
0-1: Ball
1-1: Swinging Strike
1-2: Ball
2-2: SINGLE (Flyball, 7S)
António Rodríguez to second
Batting: RHB António Ramos 0-0: Ball
1-0: Ball
2-0: Called Strike
2-1: Foul Ball, location: 2F
2-2: Fly out, F4 (Flyball, 9S)
Batting: RHB Paul Campbell 0-0: SINGLE (Groundball, 5D)
António Rodríguez to third
Ray Schroeder to second
Batting: LHB Jorge Tamayo 0-0: Fielders Choice at 2nd, 6-4 (Groundball, 6)
António Rodríguez scores
Ray Schroeder to third
Batting: LHB Tim Hargrove 0-0: Ball
1-0: Ball
2-0: Foul Ball, location: 2F
2-1: Swinging Strike
2-2: Foul Ball, location: 2F
2-2: Foul Ball, location: 2F
2-2: Foul Ball, location: 2F
2-2: DOUBLE (Line Drive, 9LM)
Ray Schroeder scores
Jorge Tamayo to third
Batting: RHB Chriss Mann 0-0: Ball
1-0: Ball
2-0: Foul Ball, location: 2F
2-1: Ball
3-1: SINGLE (Flyball, 9LS)
Jorge Tamayo scores
Tim Hargrove to third
Batting: RHB Reed Hanson 0-0: Ball
1-0: Ground out 6-3 (Groundball, 6)
Bottom of the 3rd over - 3 run(s), 5 hit(s), 0 error(s), 2 left on base; Salt Lake City 0 - Phoenix 3
TOP OF THE 4TH
Salt Lake City Buzz batting - Pitching for Phoenix Hotspur Reserves : LHP Carlos Sánchez
Batting: LHB George Huffman 0-0: Called Strike
0-1: Called Strike
0-2: Strikes out swinging
Batting: RHB Jack Alexander 0-0: Called Strike
0-1: Foul Ball, location: 2F
0-2: Strikes out swinging
Batting: RHB Steffen Taylor 0-0: SINGLE (Line Drive, 4D)
Batting: RHB Roger Osborne 0-0: Ball
1-0: Ball
2-0: Ball
3-0: Called Strike
3-1: Foul Ball, location: 2F
3-2: Base on Balls
Steffen Taylor to second
Batting: RHB Jason Delaney 0-0: Called Strike
0-1: Fly out, F7 (Flyball, 7M)
Top of the 4th over - 0 run(s), 1 hit(s), 0 error(s), 2 left on base; Salt Lake City 0 - Phoenix 3
BOTTOM OF THE 4TH
Phoenix Hotspur Reserves batting - Pitching for Salt Lake City Buzz : LHP Júlio Hernández
Batting: RHB Greg Griffin 0-0: Called Strike
0-1: Ball
1-1: Foul Ball, location: 2F
1-2: Foul Ball, location: 2F
1-2: Fly out, F7 (Flyball, 78M)
Batting: RHB António Rodríguez 0-0: Ball
1-0: Ground out 5-3 (Groundball, 5L)
Batting: RHB Ray Schroeder 0-0: Ground out 4-3 (Groundball, 4M)
Bottom of the 4th over - 0 run(s), 0 hit(s), 0 error(s), 0 left on base; Salt Lake City 0 - Phoenix 3
TOP OF THE 5TH
Salt Lake City Buzz batting - Pitching for Phoenix Hotspur Reserves : LHP Carlos Sánchez
Batting: LHB Frank Bass 0-0: Ball
1-0: Called Strike
1-1: Ball
2-1: Fly out, F8 (Popup, 6MD)
Batting: RHB John Ramsey 0-0: Called Strike
0-1: Ball
1-1: Ball
2-1: Foul Ball, location: 2F
2-2: Foul Ball, location: 2F
2-2: SINGLE (Line Drive, 8RS)
Batting: SHB Carlton Reed 0-0: Grounds into double play, 6-4-3 (Groundball, 6)
Top of the 5th over - 0 run(s), 1 hit(s), 0 error(s), 0 left on base; Salt Lake City 0 - Phoenix 3
BOTTOM OF THE 5TH
Phoenix Hotspur Reserves batting - Pitching for Salt Lake City Buzz : LHP Júlio Hernández
Batting: RHB António Ramos 0-0: Ball
1-0: Foul Ball, location: 2F
1-1: Foul Ball, location: 2F
1-2: Ground out 5-3 (Groundball, 56S)
Batting: RHB Paul Campbell 0-0: Ball
1-0: Reached on error, E1 (Groundball, 13S)
Batting: LHB Jorge Tamayo 0-0: Ground out 4-3 (Groundball, 4M)
Paul Campbell to third
Batting: LHB Tim Hargrove 0-0: Ball
1-0: Ball
2-0: Ball
3-0: Called Strike
3-1: Base on Balls
Batting: RHB Chriss Mann 0-0: Ball
1-0: Swinging Strike
1-1: Ball
Wild Pitch!
Paul Campbell scores
Tim Hargrove to second
2-1: Ball
3-1: Swinging Strike
3-2: Base on Balls
Batting: RHB Reed Hanson 0-0: Called Strike
0-1: Ball
1-1: Called Strike
1-2: Foul Ball, location: 2F
1-2: Strikes out swinging
Bottom of the 5th over - 1 run(s), 0 hit(s), 1 error(s), 2 left on base; Salt Lake City 0 - Phoenix 4
TOP OF THE 6TH
Salt Lake City Buzz batting - Pitching for Phoenix Hotspur Reserves : LHP Carlos Sánchez
Batting: LHB Chris Stoltzfus 0-0: Called Strike
0-1: Called Strike
0-2: Strikes out swinging
Batting: LHB George Huffman 0-0: Called Strike
0-1: Ball
1-1: Fly out, F5 (Popup, 5SF)
Batting: RHB Jack Alexander 0-0: Fly out, F9 (Flyball, 34D)
Top of the 6th over - 0 run(s), 0 hit(s), 0 error(s), 0 left on base; Salt Lake City 0 - Phoenix 4
BOTTOM OF THE 6TH
Phoenix Hotspur Reserves batting - Pitching for Salt Lake City Buzz : LHP Júlio Hernández
Batting: RHB Greg Griffin 0-0: Ball
1-0: Ball
2-0: SINGLE (Line Drive, 7S)
Batting: RHB António Rodríguez 0-0: Called Strike
Greg Griffin steals 2nd base
0-1: Ball
1-1: Foul Ball, location: 2F
1-2: Strikes out swinging
Batting: RHB Ray Schroeder 0-0: Ball
1-0: Ball
2-0: Ground out 6-3 (Groundball, 6)
Greg Griffin to third
Batting: RHB António Ramos 0-0: Swinging Strike
0-1: Ball
Steal of home, Greg Griffin is out
Bottom of the 6th over - 0 run(s), 1 hit(s), 0 error(s), 0 left on base; Salt Lake City 0 - Phoenix 4
TOP OF THE 7TH
Salt Lake City Buzz batting - Pitching for Phoenix Hotspur Reserves : LHP Carlos Sánchez
Batting: RHB Steffen Taylor 0-0: Ball
1-0: Ball
2-0: Ball
3-0: Base on Balls
Batting: RHB Roger Osborne 0-0: Foul Ball, location: 2F
0-1: Called Strike
0-2: Ball
1-2: DOUBLE (Line Drive, 9LS)
Steffen Taylor to third
Batting: RHB Jason Delaney 0-0: Ball
1-0: Called Strike
1-1: Called Strike
1-2: Ball
2-2: Foul Ball, location: 2F
2-2: DOUBLE (Line Drive, 7LM)
Steffen Taylor scores
Roger Osborne scores
Batting: LHB Frank Bass 0-0: Ball
1-0: Ball
2-0: Called Strike
2-1: Ball
3-1: Reached on error, E6 (Groundball, 6)
Jason Delaney to third
Pinch Hitting: LHB Fernando González 0-0: Called Strike
0-1: Ball
1-1: Fly out, F7 (Flyball, 7LM)
Pinch Hitting: SHB Alfonso Torres 0-0: Ball
1-0: Ball
2-0: Ball
3-0: Base on Balls
Frank Bass to second
Pinch Hitting: RHB Ugo Brandini 0-0: Ball
1-0: Grounds into double play, 6-4-3 (Groundball, 6)
Top of the 7th over - 2 run(s), 2 hit(s), 1 error(s), 2 left on base; Salt Lake City 2 - Phoenix 4
BOTTOM OF THE 7TH
Phoenix Hotspur Reserves batting - Pitching for Salt Lake City Buzz : LHP Júlio Hernández
Now at 2B: Ugo Brandini
Now in LF: Jim Unknown
Now in RF: Alfonso Torres
Batting: RHB António Ramos 0-0: Called Strike
0-1: Ball
1-1: Foul Ball, location: 2F
1-2: Foul Ball, location: 2F
1-2: Fly out, F8 (Flyball, 8LM)
Batting: RHB Paul Campbell 0-0: Called Strike
0-1: Called Strike
0-2: Foul Ball, location: 2F
0-2: Fly out, F7 (Flyball, 78M)
Batting: LHB Jorge Tamayo 0-0: Ball
1-0: Ball
2-0: SINGLE (Flyball, 7LS)
Batting: LHB Tim Hargrove 0-0: Called Strike
0-1: Swinging Strike
0-2: Ball
1-2: DOUBLE (Line Drive, 78M)
Jorge Tamayo to third
Runner from 3rd tries for Home, SAFE, no throw or cutoff
Pitching: RHP Suezo Sato
Batting: RHB Chriss Mann 0-0: Ground out 6-3 (Groundball, 6)
Bottom of the 7th over - 1 run(s), 2 hit(s), 0 error(s), 1 left on base; Salt Lake City 2 - Phoenix 5
TOP OF THE 8TH
Salt Lake City Buzz batting - Pitching for Phoenix Hotspur Reserves : LHP Carlos Sánchez
Now at C: John Jenkins
Batting: LHB George Huffman 0-0: Foul Ball, location: 2F
0-1: DOUBLE (Line Drive, 9LS)
Batting: RHB Jack Alexander 0-0: Called Strike
0-1: Foul Ball, location: 2F
0-2: Fly out, F4 (Line Drive, 4)
Batting: RHB Steffen Taylor 0-0: Called Strike
0-1: Ground out 4-3 (Groundball, 4)
George Huffman to third
Batting: RHB Roger Osborne 0-0: Ball
1-0: Called Strike
1-1: Ball
2-1: Foul Ball, location: 2F
2-2: Ball
3-2: Ground out 1-3 (Groundball, 23)
Top of the 8th over - 0 run(s), 1 hit(s), 0 error(s), 1 left on base; Salt Lake City 2 - Phoenix 5
BOTTOM OF THE 8TH
Phoenix Hotspur Reserves batting - Pitching for Salt Lake City Buzz : RHP Suezo Sato
Batting: RHB Reed Hanson 0-0: Called Strike
0-1: SINGLE (Line Drive, 6MD)
Batting: RHB Greg Griffin 0-0: Ball
1-0: Ball
2-0: Ball
3-0: Called Strike
3-1: DOUBLE (Groundball, 5L)
Reed Hanson to third
Batting: SHB John Jenkins 0-0: Ball
1-0: Ball
2-0: Fly out, F4 (Popup, 4MS)
Batting: RHB Ray Schroeder 0-0: Foul Ball, location: 2F
0-1: Ball
1-1: Ball
2-1: Ball
3-1: Ground out 6-3 (Groundball, 6)
Batting: RHB António Ramos 0-0: Called Strike
0-1: Foul Ball, location: 2F
0-2: Ball
1-2: Foul Ball, location: 2F
1-2: Foul Ball, location: 2F
1-2: Ball
2-2: Strikes out swinging
Bottom of the 8th over - 0 run(s), 2 hit(s), 0 error(s), 2 left on base; Salt Lake City 2 - Phoenix 5
TOP OF THE 9TH
Salt Lake City Buzz batting - Pitching for Phoenix Hotspur Reserves : LHP Carlos Sánchez
Pitching: RHP Robert Dickinson
Batting: RHB Jason Delaney 0-0: Ball
1-0: Ball
2-0: Swinging Strike
2-1: SOLO HOME RUN (Flyball, 78XD), Distance : 434 ft
Batting: LHB Frank Bass 0-0: Called Strike
0-1: Ball
1-1: Ball
2-1: Swinging Strike
2-2: Foul Ball, location: 2F
2-2: Foul Ball, location: 2F
2-2: Ball
3-2: SINGLE (Line Drive, 34D)
Batting: LHB Jim Unknown 0-0: Ball
Wild Pitch!
Frank Bass to second
1-0: Ball
2-0: Ball
3-0: Called Strike
3-1: Called Strike
3-2: SINGLE (Line Drive, 34D)
Frank Bass to third
Batting: SHB Alfonso Torres 0-0: Ball
1-0: Ball
2-0: Ball
3-0: Called Strike
3-1: SINGLE (Line Drive, 9S)
Frank Bass scores
Jim Unknown to second
Pitching: RHP Jim Unknown
Batting: RHB Ugo Brandini 0-0: Swinging Strike
0-1: Ball
1-1: Called Strike
1-2: Foul Ball, location: 2F
1-2: Strikes out swinging
Batting: LHB George Huffman 0-0: Swinging Strike
0-1: Ball
1-1: Foul Ball, location: 2F
1-2: Strikes out swinging
Batting: RHB Jack Alexander 0-0: Called Strike
0-1: Swinging Strike
0-2: Ball
1-2: Strikes out swinging
Top of the 9th over - 2 run(s), 4 hit(s), 0 error(s), 2 left on base; Salt Lake City 4 - Phoenix 5
This league is powered by Out of the Park Baseball, the baseball management simulation game for PC, Mac and Linux
Monday, May 4th, 2015 - OOTP Baseball 15.6 Build 34